Map: Ley Lines

Players

DarkWarrior

  • Race: Protoss Protoss
  • League: Diamond
  • Spawn Location: 7:00

wootwoot - Winner!

  • Race: Terran Terran
  • League: Diamond
  • Spawn Location: 1:00

VOD

Have the link to the VOD?

Description

Time

  • Played on: April 23, 2025, 6:25 a.m.
  • Length: 3:29
Show
View Real Time Build Order
Export as new Build Order

DarkWarrior Protoss 

Build Orders:  

Get SALT Encoding   

  12  0:02  Probe  
  13  0:14  Probe  
  14  0:19  Pylon  
  14  0:27  Probe  
  15  0:37  Gateway  
  15  0:42  Assimilator  
  15  0:46  Probe  
  16  0:54  Probe  
  16  1:02  Probe  
  16  1:03  Pylon  
  17  1:10  Probe  
  19  1:19  Probe  
  20  1:25  Cybernetics Core  
  20  1:27  Probe  
  20  1:32  Assimilator  
  21  1:38  Probe  
  22  1:51  Probe  
  23  1:58  Stalker  
  23  2:03  Probe  
  26  2:13  Nexus  
  26  2:18  Stalker  
  26  2:21  Shield Battery  
  26  2:38  Probe  
  27  2:47  Stargate  
  27  2:50  Probe  
Show
View Real Time Build Order
Export as new Build Order

wootwoot Terran - Winner!

Build Orders:  

Get SALT Encoding   

  12  0:00  SCV  
  13  0:12  SCV  
  14  0:19  Supply Depot  
  14  0:25  SCV  
  15  0:31  Refinery  
  15  0:45  Barracks  
  15  0:59  Barracks  
  15  1:18  Barracks  
  15  1:32  Reaper  
  16  1:36  Refinery  
  16  1:47  Reaper  
  17  2:04  Reaper  
  17  2:07  Reaper  
  19  2:13  Supply Depot  
  19  2:20  Reaper  
  20  2:36  Reaper  
  21  2:39  Orbital Command  
  21  2:51  Reaper  
  23  3:11  SCV  
  24  3:16  Supply Depot  
Tags
 
Matchup
PvT
Replay Pack
#1B2M-Replays
Spawn Locations
Cross Positions
Add a new tag
Caveats
  • Supply blocks, unpowered buildings, or Contaminate may cause inaccurate times.
  • Supply counts are checked every 10 seconds.